Map: Bel'Shir Vestige LE (Void)

Players

Fimp

  • Race: Terran Terran
  • Spawn Location: 11:00

Loken - Winner!

  • Race: Protoss Protoss
  • League: Platinum
  • Spawn Location: 5:00

VOD

Have the link to the VOD?

Description

Time

  • Played on: April 8, 2017, 2:21 p.m.
  • Length: 11:36
Show
View Real Time Build Order
Export as new Build Order

Fimp Terran 

Build Orders:  

Get SALT Encoding   

  12  0:01  SCV  
  13  0:13  SCV  
  14  0:18  Supply Depot  
  14  0:25  SCV  
  15  0:40  SCV  
  15  0:42  Barracks  
  16  0:52  SCV  
  16  0:56  Refinery  
  17  1:04  SCV  
  18  1:16  SCV  
  19  1:29  Orbital Command  
  19  1:31  Supply Depot  
  19  1:34  Marine  
  20  1:47  Command Center  
  20  1:58  Barracks Tech Lab  
  20  1:59  Refinery  
  20  2:01  SCV  
  21  2:18  Factory  
  21  2:20  Marine  
  22  2:37  Barracks  
  22  2:39  Engineering Bay  
  22  2:40  Marine  
  22  2:41  Stimpack  
  23  2:45  SCV  
  24  2:57  SCV  
  24  2:58  Marine  
  26  3:01  Orbital Command  
  26  3:11  Starport  
  26  3:15  Factory Reactor  
  26  3:19  Marine  
  27  3:22  SCV  
  28  3:27  Barracks Reactor  
  28  3:29  Orbital Command  
  28  3:42  Marine  
  28  3:45  SCV  
  30  3:57  Terran Infantry Weapons Level 1  
  30  3:59  Factory Tech Lab  
  30  4:02  Marine x2  
  30  4:03  Marine  
  30  4:05  Barracks, Medivac  
  36  4:10  SCV x2  
  36  4:11  Supply Depot  
  37  4:21  Widow Mine  
  37  4:22  SCV x2, Marine x2  
  43  4:25  Marauder  
  45  4:39  Medivac  
  47  5:00  Marine  
  47  5:01  Marauder, Marine  
  47  5:04  Siege Tank  
  54  5:12  SCV x2  
  54  5:14  Supply Depot  
  56  5:18  Marine  
  56  5:19  Barracks Tech Lab  
  56  5:25  Bunker  
  56  5:27  SCV x2  
  60  5:28  Marauder, Marine  
  60  5:34  Medivac  
  62  5:35  Supply Depot  
  62  5:36  Marine  
  57  5:47  Marauder  
  57  5:48  Marine  
  57  5:49  Widow Mine  
  59  5:50  Marauder  
  61  6:02  SCV x2  
  63  6:08  Refinery, Marine  
  63  6:09  Refinery, Marine  
  65  6:12  Marauder x2  
  65  6:14  SCV x2  
  71  6:18  Siege Tank  
  71  6:24  Armory  
  74  6:26  SCV  
  74  6:31  SCV  
  76  6:34  Marine x2  
  78  6:43  Supply Depot  
  78  6:47  Supply Depot x2  
  78  7:05  Viking, SCV, Siege Tank, Marauder  
  89  7:08  Marauder, SCV  
  89  7:26  Marine  
  89  7:27  Marine  
  89  7:28  Marauder  
  95  7:30  Marauder  
  95  7:31  Terran Infantry Weapons Level 2  
  95  7:39  SCV x2  
  95  7:41  Siege Tank  
  95  7:42  Viking  
  102  7:47  Command Center  
  102  7:49  Supply Depot  
  102  7:50  Supply Depot  
  102  8:02  SCV, Marine  
  102  8:03  SCV, Supply Depot  
  102  8:04  Marine  
  102  8:05  Marauder  
  102  8:06  Marauder  
  102  8:07  Viking  
  57  8:49  SCV x2  
  56  8:59  Missile Turret  
  56  9:01  SCV x2  
  57  9:10  Missile Turret  
  57  9:13  SCV  
  47  9:20  Marauder  
  42  9:38  SCV  
  42  9:39  SCV  
  35  10:06  Marauder x2, Marine x2  
  30  10:09  Widow Mine  
  32  10:38  Marauder, Marine  
  32  10:39  Marauder, Marine  
  34  11:02  Marauder, Marine  
  34  11:03  Marauder, Marine  
Show
View Real Time Build Order
Export as new Build Order

Loken Protoss - Winner!

Build Orders: 1 Gate Expand 

Get SALT Encoding   

  12  0:01  Probe (Chrono Boost)  
  13  0:12  Probe (Chrono Boost)  
  14  0:22  Pylon  
  14  0:23  Probe (Chrono Boost)  
  15  0:40  Probe (Chrono Boost)  
  15  0:41  Gateway  
  16  0:51  Probe (Chrono Boost)  
  17  0:59  Assimilator  
  17  1:02  Probe (Chrono Boost)  
  18  1:12  Probe (Chrono Boost)  
  19  1:23  Probe (Chrono Boost)  
  20  1:29  Cybernetics Core  
  20  1:38  Probe (Chrono Boost), Nexus  
  21  1:47  Pylon  
  21  1:52  Probe (Chrono Boost)  
  22  1:56  Assimilator  
  22  2:12  Mothership Core (Chrono Boost)  
  23  2:30  Probe (Chrono Boost)  
  23  2:33  Warp Gate  
  24  2:40  Stalker, Probe (Chrono Boost)  
  27  2:51  Probe (Chrono Boost)  
  28  2:54  Probe (Chrono Boost)  
  28  2:58  Pylon  
  29  3:01  Probe (Chrono Boost)  
  29  3:05  Probe (Chrono Boost)  
  31  3:09  Robotics Facility  
  31  3:14  Probe (Chrono Boost)  
  31  3:15  Probe (Chrono Boost)  
  31  3:18  Stalker  
  35  3:26  Probe (Chrono Boost)  
  36  3:30  Probe (Chrono Boost)  
  37  3:41  Pylon, Probe (Chrono Boost)  
  38  3:45  Twilight Council  
  38  3:49  Probe (Chrono Boost)  
  38  3:51  Probe (Chrono Boost)  
  38  3:54  Assimilator  
  40  3:57  Assimilator  
  40  3:58  Stalker  
  40  4:00  Probe (Chrono Boost)  
  40  4:02  Probe (Chrono Boost)  
  44  4:04  Observer  
  45  4:10  Gateway  
  45  4:12  Gateway  
  45  4:19  Gateway  
  45  4:22  Gateway  
  45  4:25  Gateway  
  45  4:32  Warp Prism  
  45  4:37  Probe (Chrono Boost)  
  48  4:40  Probe (Chrono Boost)  
  49  4:47  Probe (Chrono Boost)  
  49  4:50  Probe (Chrono Boost)  
  49  4:51  Resonating Glaives  
  51  4:58  Probe (Chrono Boost)  
  52  5:08  Probe (Chrono Boost)  
  52  5:09  Probe (Chrono Boost)  
  54  5:20  Probe (Chrono Boost)  
  55  5:49  Stalker x2  
  59  5:50  Stalker  
  59  5:55  Pylon  
  59  5:56  Pylon  
  61  5:57  Pylon  
  61  6:02  Pylon  
  61  6:05  Pylon  
  61  6:19  Nexus  
  61  6:28  Zealot x6  
  61  6:31  Charge  
  73  6:33  Forge  
  73  6:34  Forge  
  73  6:37  Dark Shrine  
  73  6:39  Probe (Chrono Boost)  
  74  6:42  Probe (Chrono Boost)  
  74  6:44  Observer  
  76  7:04  Adept x5  
  76  7:05  Adept  
  88  7:32  Protoss Ground Weapons Level 1, Protoss Ground Armor Level 1  
  88  7:48  Probe x2 (Chrono Boost)  
  88  7:49  Probe (Chrono Boost)  
  91  7:54  Dark Templar x2  
  91  7:55  Dark Templar  
  91  7:57  Pylon x2  
  97  7:59  Pylon, Probe x3 (Chrono Boost)  
  100  8:09  Probe (Chrono Boost)  
  100  8:10  Probe x2 (Chrono Boost)  
  103  8:13  Dark Templar x3  
  103  8:20  Probe (Chrono Boost)  
  103  8:33  Zealot x3  
  109  8:43  Probe (Chrono Boost)  
  109  8:44  Probe x2 (Chrono Boost)  
  109  8:48  Assimilator  
  110  8:49  Assimilator  
  110  8:53  Probe (Chrono Boost)  
  109  8:56  Probe x2 (Chrono Boost)  
  109  9:06  Zealot x3  
  109  9:07  Zealot x3  
  111  9:32  Pylon  
  111  9:34  Pylon  
  111  9:37  Gateway  
  111  9:39  Gateway  
  111  9:41  Probe (Chrono Boost)  
  111  9:42  Gateway  
  111  9:44  Gateway, Probe x2 (Chrono Boost)  
  114  9:48  Zealot  
  114  9:49  Zealot x5  
  114  9:52  Probe (Chrono Boost)  
  127  9:56  Probe x2 (Chrono Boost)  
  129  10:02  Pylon, Probe (Chrono Boost)  
  129  10:05  Pylon  
  129  10:06  Pylon  
  130  10:07  Pylon  
  130  10:09  Pylon  
  130  10:13  Probe (Chrono Boost)  
  131  10:18  Dark Templar x3  
  131  10:19  Dark Templar x3  
  122  11:27  Dark Templar x5  
  122  11:28  Dark Templar x5  
Tags
 
Add a new tag
Caveats
  • Supply blocks, unpowered buildings, or Contaminate may cause inaccurate times.
  • Supply counts are checked every 10 seconds.